 Dungeon Crawl Stone Soup version 0.20-a0-942-ga5226df (webtiles) character file.

7 M4edhros the Grave Robber (level 2, -4/17 HPs)
             Began as an Octopode Necromancer on Apr 1, 2017.
             Slain by a gnoll
             ... wielding a +0 halberd
              (11 damage)
             ... on level 2 of the Dungeon.
             The game lasted 00:00:54 (157 turns).

M4edhros the Grave Robber (Octopode Necromancer)     Turns: 157, Time: 00:00:55

Health: -4/17      AC:  1    Str:  7    XL:     2   Next: 4%
Magic:  5/5        EV: 12    Int: 17    God:
Gold:   24         SH:  3    Dex: 12    Spells: 4/5 levels left

rFire    . . .     SeeInvis .   c - +3 hand axe
rCold    . . .     Gourm    .   f - +0 buckler
rNeg     . . .     Faith    .   (helmet restricted)
rPois    .         Spirit   .   (no amulet)
rElec    .         Reflect  .   (no ring)
rCorr    .         Harm     .   (no ring)
MR       .....                  (no ring)
Stlth    +++.......             (no ring)
Regen    0.1/turn               (no ring)
MPRegen  0.1/turn               (no ring)
                                (no ring)
                                (no ring)

@: no status effects
A: almost no armour, stealthy swim, amphibious, 8 rings, constrict 8, camouflage
1, gelatinous body 1
a: no special abilities


You were on level 2 of the Dungeon.
You were not hungry.

You visited 1 branch of the dungeon, and saw 2 of its levels.

You collected 24 gold pieces.

Inventory:

Hand Weapons
 c - a +3 hand axe (weapon)
Armour
 f - a +0 buckler (worn)
Scrolls
 d - a scroll of teleportation {unknown}
 e - 2 scrolls of identify {unknown}
Books
 a - a book of Necromancy

   Spells                             Type                      Level
   a - Pain                           Necromancy                   1
   b - Animate Skeleton               Necromancy                   1
   c - Vampiric Draining              Necromancy                   3
   d - Regeneration                   Charms/Necromancy            3
   e - Animate Dead                   Necromancy                   4
   f - Control Undead                 Necromancy                   4
Comestibles
 b - a bread ration


   Skills:
 - Level 2.0 Dodging
 - Level 2.6 Stealth
 + Level 1.6 Unarmed Combat
 - Level 2.0 Spellcasting
 - Level 4.0 Necromancy


You had 4 spell levels left.
You knew the following spells:

 Your Spells              Type           Power        Failure   Level  Hunger
a - Pain                  Necr           ###.         8%          1    #......


Dungeon Overview and Level Annotations

Branches:
Dungeon (2/15)

Altars:
Vehumet


Innate Abilities, Weirdness & Mutations

You cannot wear most types of armour.
You are very stealthy in the water. (Stealth+)
You are amphibious.
You can wear up to eight rings at the same time.
You can use your tentacles to constrict eight enemies at once.
Your skin changes colour to match your surroundings (Stealth+).
Your rubbery body absorbs attacks. (AC +1, EV +1)


Message History

A gnoll comes into view. It is wielding a club.
The helpless gnoll fails to defend itself.
You hit the gnoll. Your grab misses the gnoll.
The gnoll is moderately wounded.
The gnoll closely misses you.
You barely miss the gnoll. You grab the gnoll.
The gnoll is lightly wounded.
You constrict the gnoll.
The gnoll shouts!
The gnoll struggles to escape constriction.
The gnoll shouts!
You hear a shout!
You hit the gnoll.
The gnoll is heavily wounded.
You constrict the gnoll, but do no damage.
You hear a shout!
The gnoll escapes!
The gnoll hits you with a halberd!
Ouch! That really hurt!
The gnoll hits you from afar with a halberd!
Ouch! That really hurt!
You die...

#.#.# .... .. #.#.# ##.
..§§§#. ##.#.# #..
..§§§.#. #....# #.#
......#.###....# #.#
......#.......### #.#
..#.g............# #.#
.....#...........#####.##
#..>.@..............).
##.#g###...########.#.
#...gg......# #.#.
#.##.#.###...# #.#.
.....# ##### ..#. ### ###
###. #####. #..... #.####


You could see 3 gnolls and a hobgoblin.

Vanquished Creatures
  A dart slug (D:2)
  2 hobgoblins
  A frilled lizard (D:1)
  2 rats (D:1)
6 creatures vanquished.

Notes
Turn   | Place    | Note
-------+----------+-------------------------------------------
     0 | D:1      | M4edhros the Octopode Necromancer began the quest for the Orb.
     0 | D:1      | Reached XP level 1. HP: 11/11 MP: 3/3
    85 | D:1      | Reached skill level 1 in Unarmed Combat
   122 | D:2      | Reached XP level 2. HP: 17/17 MP: 5/5
   150 | D:2      | Found a radiant altar of Vehumet.
   157 | D:2      | Slain by a gnoll

Vault maps used:
D:1:      minmay_arrival_open_corners, minmay_hexomino_p4
D:2:      fiery_altar_vehumet, feat_on_display, uniq_robin

Skill      XL: |  1 |
---------------+----+-----
Unarmed Combat | 1 |  1.6
Dodging        | |  2.0
Stealth        | |  2.6
Spellcasting   | |  2.0
Necromancy     | |  4.0

Action                   || total
-------------------------++-------
Melee: Hand axe          ||    14
       Constrict         ||     3
 Stab: Sleeping          ||     3
Dodge: Dodged            ||     7
